Workbook

Sheet 原始
B2: 112年11月 每月借閱排行榜
B3: 排行 | C3: ISBN | D3: 書名 | E3: 作者 | F3: 出版社 | G3: 借閱數 | H3: 書目連結 | I3: https://webpac.tphcc.gov.tw/webpac/content.cfm?mid=
B4: 37 | C4: 9789862411629 | D4: [中學生]晨讀10分鐘 : | E4: 王文華(兒童文學), ,1966- | F4: 天下雜誌股份有限公司, | G4: 461 | H4: https://webpac.tphcc.gov.tw/toread/opac/bibliographic_view/567531 | I4: https://webpac.tphcc.gov.tw/toread/opac/bibliographic_view/ | J4: 567531 | L4: =$I$3&J4 -> https://webpac.tphcc.gov.tw/webpac/content.cfm?mid=567531
B5: 38 | C5: 9789863111245 | D5: 妖孽敗家子 / | E5: 辰機唐紅豆 | F5: 說頻文化有限公司, | G5: 400 | H5: https://webpac.tphcc.gov.tw/toread/opac/bibliographic_view/786476 | I5: https://webpac.tphcc.gov.tw/toread/opac/bibliographic_view/ | J5: 786476 | L5: =$I$3&J5 -> https://webpac.tphcc.gov.tw/webpac/content.cfm?mid=786476
B6: 43 | C6: 9789571368863 | D6: 厭世動物園 : | E6: 厭世姬 | F6: 時報, | G6: 246 | H6: https://webpac.tphcc.gov.tw/toread/opac/bibliographic_view/728989 | I6: https://webpac.tphcc.gov.tw/toread/opac/bibliographic_view/ | J6: 728989 | L6: =$I$3&J6 -> https://webpac.tphcc.gov.tw/webpac/content.cfm?mid=728989
B7: 44 | C7: 9789864134601 | D7: 害怕!害怕!好害怕!真恐怖! | E7: 李勇浩 (文.圖) | F7: 人類文化 | G7: 244 | H7: https://webpac.tphcc.gov.tw/toread/opac/bibliographic_view/414939 | I7: https://webpac.tphcc.gov.tw/toread/opac/bibliographic_view/ | J7: 414939 | L7: =$I$3&J7 -> https://webpac.tphcc.gov.tw/webpac/content.cfm?mid=414939
B8: 45 | C8: 9789866749643 | D8: 歷史數學名題賞析 | E8: 沈康身 | F8: 稻田 | G8: 227 | H8: https://webpac.tphcc.gov.tw/toread/opac/bibliographic_view/503286 | I8: https://webpac.tphcc.gov.tw/toread/opac/bibliographic_view/ | J8: 503286 | L8: =$I$3&J8 -> https://webpac.tphcc.gov.tw/webpac/content.cfm?mid=503286
B9: 46 | C9: 9789576085215 | D9: 看見自己.看清世界. | E9: 蘇蔡彩秋, ,1933- | F9: 愛智圖書有限公司, | G9: 186 | H9: https://webpac.tphcc.gov.tw/toread/opac/bibliographic_view/982390 | I9: https://webpac.tphcc.gov.tw/toread/opac/bibliographic_view/ | J9: 982390 | L9: =$I$3&J9 -> https://webpac.tphcc.gov.tw/webpac/content.cfm?mid=982390
B10: 47 | C10: 9789868781764 | D10: 日日 / | E10: 王筱玲 | F10: 大鴻藝術出版 : | G10: 176 | H10: https://webpac.tphcc.gov.tw/toread/opac/bibliographic_view/663008 | I10: https://webpac.tphcc.gov.tw/toread/opac/bibliographic_view/ | J10: 663008 | L10: =$I$3&J10 -> https://webpac.tphcc.gov.tw/webpac/content.cfm?mid=663008
B11: 48 | C11: 9789571356778 | D11: 日月當空 / | E11: 黃易, ,1952-2017 | F11: 時報, | G11: 167 | H11: https://webpac.tphcc.gov.tw/toread/opac/bibliographic_view/576428 | I11: https://webpac.tphcc.gov.tw/toread/opac/bibliographic_view/ | J11: 576428 | L11: =$I$3&J11 -> https://webpac.tphcc.gov.tw/webpac/content.cfm?mid=576428
B12: 50 | C12: 986005763X | D12: 總是臨危受命的人 | E12: 徐永生 | F12: 臺北市政府消防局 | G12: 158 | H12: https://webpac.tphcc.gov.tw/toread/opac/bibliographic_view/344466 | I12: https://webpac.tphcc.gov.tw/toread/opac/bibliographic_view/ | J12: 344466 | L12: =$I$3&J12 -> https://webpac.tphcc.gov.tw/webpac/content.cfm?mid=344466
B13: 51 | C13: 9789573207047 | D13: 吳梅村詩選 / | E13: 劉逸生, ,1917-2001 | F13: 遠流, | G13: 152 | H13: https://webpac.tphcc.gov.tw/toread/opac/bibliographic_view/767694 | I13: https://webpac.tphcc.gov.tw/toread/opac/bibliographic_view/ | J13: 767694 | L13: =$I$3&J13 -> https://webpac.tphcc.gov.tw/webpac/content.cfm?mid=767694
B14: 52 | C14: 9867950542 | D14: 北海岸風景特定區 | E14: 簡麗華 | F14: 泛亞國際文化 | G14: 151 | H14: https://webpac.tphcc.gov.tw/toread/opac/bibliographic_view/283590 | I14: https://webpac.tphcc.gov.tw/toread/opac/bibliographic_view/ | J14: 283590 | L14: =$I$3&J14 -> https://webpac.tphcc.gov.tw/webpac/content.cfm?mid=283590
B15: 53 | C15: 9789866634949 | D15: 城市裡, 有時候 = | E15: 61Chi, ,1988- | F15: 大辣出版股份有限公司, | G15: 146 | H15: https://webpac.tphcc.gov.tw/toread/opac/bibliographic_view/836469 | I15: https://webpac.tphcc.gov.tw/toread/opac/bibliographic_view/ | J15: 836469 | L15: =$I$3&J15 -> https://webpac.tphcc.gov.tw/webpac/content.cfm?mid=836469
... B31: 72 | C31: 9789869440394 | D31: 但我想活 : | E31: 黃博煒 | F31: 蔚藍, | G31: 89 | H31: https://webpac.tphcc.gov.tw/toread/opac/bibliographic_view/753394 | I31: https://webpac.tphcc.gov.tw/toread/opac/bibliographic_view/ | J31: 753394 | L31: =$I$3&J31 -> https://webpac.tphcc.gov.tw/webpac/content.cfm?mid=753394
B32: 73 | D32: 中山先生政治思想闡微 / | E32: 江浩華 | F32: 中央文物供應社經銷, | G32: 86 | H32: https://webpac.tphcc.gov.tw/toread/opac/bibliographic_view/733434 | I32: https://webpac.tphcc.gov.tw/toread/opac/bibliographic_view/ | J32: 733434 | L32: =$I$3&J32 -> https://webpac.tphcc.gov.tw/webpac/content.cfm?mid=733434
B33: 74 | C33: 9789571337371 | D33: 大唐雙龍傳修訂版 / | E33: 黃易, ,1952-2017 | F33: 時報, | G33: 85 | H33: https://webpac.tphcc.gov.tw/toread/opac/bibliographic_view/696719 | I33: https://webpac.tphcc.gov.tw/toread/opac/bibliographic_view/ | J33: 696719 | L33: =$I$3&J33 -> https://webpac.tphcc.gov.tw/webpac/content.cfm?mid=696719
B34: 75 | C34: 9789861301846 | D34: 無條件信任的力量 | E34: 吳敏琪 | F34: 知遠總經銷 | G34: 82 | H34: https://webpac.tphcc.gov.tw/toread/opac/bibliographic_view/459722 | I34: https://webpac.tphcc.gov.tw/toread/opac/bibliographic_view/ | J34: 459722 | L34: =$I$3&J34 -> https://webpac.tphcc.gov.tw/webpac/content.cfm?mid=459722
B35: 76 | C35: 9789573326540 | D35: 不毛地帶 / | E35: 山崎豐子, ,1924-2013 | F35: 皇冠, | G35: 82 | H35: https://webpac.tphcc.gov.tw/toread/opac/bibliographic_view/527778 | I35: https://webpac.tphcc.gov.tw/toread/opac/bibliographic_view/ | J35: 527778 | L35: =$I$3&J35 -> https://webpac.tphcc.gov.tw/webpac/content.cfm?mid=527778
B36: 77 | C36: 9789863491385 | D36: 北海道玩全指南 : | E36: 吳秀雲 | F36: 宏碩出版 : | G36: 81 | H36: https://webpac.tphcc.gov.tw/toread/opac/bibliographic_view/716702 | I36: https://webpac.tphcc.gov.tw/toread/opac/bibliographic_view/ | J36: 716702 | L36: =$I$3&J36 -> https://webpac.tphcc.gov.tw/webpac/content.cfm?mid=716702
B37: 78 | C37: 9575836561 | D37: 心靈雞湯 / | E37: 坎菲爾(Canfield, Jack) | F37: 晨星出版社, | G37: 81 | H37: https://webpac.tphcc.gov.tw/toread/opac/bibliographic_view/797994 | I37: https://webpac.tphcc.gov.tw/toread/opac/bibliographic_view/ | J37: 797994 | L37: =$I$3&J37 -> https://webpac.tphcc.gov.tw/webpac/content.cfm?mid=797994
B38: 79 | C38: 9789571345994 | D38: 邊荒傳說 | E38: 黃易 | F38: 時報 | G38: 80 | H38: https://webpac.tphcc.gov.tw/toread/opac/bibliographic_view/479925 | I38: https://webpac.tphcc.gov.tw/toread/opac/bibliographic_view/ | J38: 479925 | L38: =$I$3&J38 -> https://webpac.tphcc.gov.tw/webpac/content.cfm?mid=479925
B39: 80 | C39: 9789863490678 | D39: 東京鐵道日歸小旅行 / | E39: 鄭鈞晏 | F39: 宏碩出版 : | G39: 80 | H39: https://webpac.tphcc.gov.tw/toread/opac/bibliographic_view/647794 | I39: https://webpac.tphcc.gov.tw/toread/opac/bibliographic_view/ | J39: 647794 | L39: =$I$3&J39 -> https://webpac.tphcc.gov.tw/webpac/content.cfm?mid=647794
B40: 81 | C40: 9789865066185 | D40: 縹緲. | E40: 白姬綰 | F40: 英屬維京群島商高寶國際有限公司台灣分公司, | G40: 79 | H40: https://webpac.tphcc.gov.tw/toread/opac/bibliographic_view/1076549 | I40: https://webpac.tphcc.gov.tw/toread/opac/bibliographic_view/ | J40: 1076549 | L40: =$I$3&J40 -> https://webpac.tphcc.gov.tw/webpac/content.cfm?mid=1076549
B41: 82 | C41: 9789863491163 | D41: 大阪.京都.神戶關西三都 一日乘車券完全攻略 / | E41: 陳維玉 | F41: 宏碩出版 : | G41: 78 | H41: https://webpac.tphcc.gov.tw/toread/opac/bibliographic_view/717757 | I41: https://webpac.tphcc.gov.tw/toread/opac/bibliographic_view/ | J41: 717757 | L41: =$I$3&J41 -> https://webpac.tphcc.gov.tw/webpac/content.cfm?mid=717757
B42: 83 | C42: 9789861794501 | D42: 一個人住第幾年? / | E42: 洪俞君 | F42: 大田, | G42: 77 | H42: https://webpac.tphcc.gov.tw/toread/opac/bibliographic_view/687169 | I42: https://webpac.tphcc.gov.tw/toread/opac/bibliographic_view/ | J42: 687169 | L42: =$I$3&J42 -> https://webpac.tphcc.gov.tw/webpac/content.cfm?mid=687169
B43: 84 | C43: 9789573328209 | D43: 週末 | E43: Schlink,, Bernhard | F43: 皇冠 | G43: 76 | H43: https://webpac.tphcc.gov.tw/toread/opac/bibliographic_view/462239 | I43: https://webpac.tphcc.gov.tw/toread/opac/bibliographic_view/ | J43: 462239 | L43: =$I$3&J43 -> https://webpac.tphcc.gov.tw/webpac/content.cfm?mid=462239
B44: 86 | C44: 9789863192183 | D44: 制服至上. | E44: 蚩尤, ,1982- | F44: 蓋亞, | G44: 76 | H44: https://webpac.tphcc.gov.tw/toread/opac/bibliographic_view/731690 | I44: https://webpac.tphcc.gov.tw/toread/opac/bibliographic_view/ | J44: 731690 | L44: =$I$3&J44 -> https://webpac.tphcc.gov.tw/webpac/content.cfm?mid=731690
... B86: 133 | C86: 9789869501828 | D86: 0~5歲味覺平衡訓練法 : | E86: Tokeiji千繪 | F86: 采實, | G86: 66 | H86: https://webpac.tphcc.gov.tw/toread/opac/bibliographic_view/733130 | I86: https://webpac.tphcc.gov.tw/toread/opac/bibliographic_view/ | J86: 733130 | L86: =$I$3&J86 -> https://webpac.tphcc.gov.tw/webpac/content.cfm?mid=733130
B87: 134 | C87: 9789863490913 | D87: 京阪神玩全指南 = | F87: 宏碩發行, | G87: 66 | H87: https://webpac.tphcc.gov.tw/toread/opac/bibliographic_view/740326 | I87: https://webpac.tphcc.gov.tw/toread/opac/bibliographic_view/ | J87: 740326 | L87: =$I$3&J87 -> https://webpac.tphcc.gov.tw/webpac/content.cfm?mid=740326
B88: 135 | C88: 9789863597742 | D88: 邊緣印度 : | E88: 程敏淑 | F88: 木馬文化事業股份有限公司, | G88: 66 | H88: https://webpac.tphcc.gov.tw/toread/opac/bibliographic_view/889116 | I88: https://webpac.tphcc.gov.tw/toread/opac/bibliographic_view/ | J88: 889116 | L88: =$I$3&J88 -> https://webpac.tphcc.gov.tw/webpac/content.cfm?mid=889116
B89: 136 | C89: 9789861856292 | D89: 保持沉默 / | E89: 喬伊 | F89: 英屬蓋曼群島商高寶國際有限公司台灣分公司, | G89: 66 | H89: https://webpac.tphcc.gov.tw/toread/opac/bibliographic_view/940219 | I89: https://webpac.tphcc.gov.tw/toread/opac/bibliographic_view/ | J89: 940219 | L89: =$I$3&J89 -> https://webpac.tphcc.gov.tw/webpac/content.cfm?mid=940219
B90: 137 | C90: 9789867039705 | D90: 水彩畫家私傳筆記 | E90: MacKenzie,, Gordon | F90: 城邦發行 | G90: 65 | H90: https://webpac.tphcc.gov.tw/toread/opac/bibliographic_view/385899 | I90: https://webpac.tphcc.gov.tw/toread/opac/bibliographic_view/ | J90: 385899 | L90: =$I$3&J90 -> https://webpac.tphcc.gov.tw/webpac/content.cfm?mid=385899
B91: 138 | C91: 9789861208534 | D91: 管家 | E91: Robinson,, Marilynne | F91: 家庭傳媒城邦分公司發行 | G91: 65 | H91: https://webpac.tphcc.gov.tw/toread/opac/bibliographic_view/461609 | I91: https://webpac.tphcc.gov.tw/toread/opac/bibliographic_view/ | J91: 461609 | L91: =$I$3&J91 -> https://webpac.tphcc.gov.tw/webpac/content.cfm?mid=461609
B92: 139 | C92: 9789866249518 | D92: 母親的守密者 | E92: Rosnay,, Tatiana de | F92: 大和書報總經銷 | G92: 65 | H92: https://webpac.tphcc.gov.tw/toread/opac/bibliographic_view/461783 | I92: https://webpac.tphcc.gov.tw/toread/opac/bibliographic_view/ | J92: 461783 | L92: =$I$3&J92 -> https://webpac.tphcc.gov.tw/webpac/content.cfm?mid=461783
B93: 140 | C93: 9789861207575 | D93: 發條橘子 | E93: Burgess,, Anthony | F93: 家庭傳媒城邦分公司發行 | G93: 65 | H93: https://webpac.tphcc.gov.tw/toread/opac/bibliographic_view/463143 | I93: https://webpac.tphcc.gov.tw/toread/opac/bibliographic_view/ | J93: 463143 | L93: =$I$3&J93 -> https://webpac.tphcc.gov.tw/webpac/content.cfm?mid=463143
B94: 141 | C94: 9789573328117 | D94: 翻牌人 | E94: Sachar,, Louis | F94: 皇冠 | G94: 65 | H94: https://webpac.tphcc.gov.tw/toread/opac/bibliographic_view/463562 | I94: https://webpac.tphcc.gov.tw/toread/opac/bibliographic_view/ | J94: 463562 | L94: =$I$3&J94 -> https://webpac.tphcc.gov.tw/webpac/content.cfm?mid=463562
B95: 142 | C95: 9789861735931 | D95: 動物農莊 / | E95: 布萊爾(Blair, Eric Arthur), ,1903-1950 | F95: 家庭傳媒城邦分公司發行, | G95: 65 | H95: https://webpac.tphcc.gov.tw/toread/opac/bibliographic_view/503731 | I95: https://webpac.tphcc.gov.tw/toread/opac/bibliographic_view/ | J95: 503731 | L95: =$I$3&J95 -> https://webpac.tphcc.gov.tw/webpac/content.cfm?mid=503731
B96: 143 | C96: 9789863491248 | D96: 東京玩全指南 = | E96: Manning Tokyo | F96: 宏碩, | G96: 65 | H96: https://webpac.tphcc.gov.tw/toread/opac/bibliographic_view/740328 | I96: https://webpac.tphcc.gov.tw/toread/opac/bibliographic_view/ | J96: 740328 | L96: =$I$3&J96 -> https://webpac.tphcc.gov.tw/webpac/content.cfm?mid=740328
B97: 144 | C97: 9789869563109 | D97: 緣來,我愛你 : | E97: 紫嚴導師 | F97: 創意市集, | G97: 65 | H97: https://webpac.tphcc.gov.tw/toread/opac/bibliographic_view/749171 | I97: https://webpac.tphcc.gov.tw/toread/opac/bibliographic_view/ | J97: 749171 | L97: =$I$3&J97 -> https://webpac.tphcc.gov.tw/webpac/content.cfm?mid=749171
B98: 145 | C98: 9789573328230 | D98: 不能說的名字 / | E98: 克里夫(Cleave, Chris), ,1973- | F98: 皇冠文化出版有限公司, | G98: 65 | H98: https://webpac.tphcc.gov.tw/toread/opac/bibliographic_view/792714 | I98: https://webpac.tphcc.gov.tw/toread/opac/bibliographic_view/ | J98: 792714 | L98: =$I$3&J98 -> https://webpac.tphcc.gov.tw/webpac/content.cfm?mid=792714
B99: 146 | C99: 9789578472822 | D99: 打造燃燒系體質的控醣 x 增肌常備菜 : | E99: 陳聖怡 | F99: 邦聯文化事業有限公司 睿其書房, | G99: 65 | H99: https://webpac.tphcc.gov.tw/toread/opac/bibliographic_view/857949 | I99: https://webpac.tphcc.gov.tw/toread/opac/bibliographic_view/ | J99: 857949 | L99: =$I$3&J99 -> https://webpac.tphcc.gov.tw/webpac/content.cfm?mid=857949
... B101: 148 | C101: 9573220253 | D101: 德川家康全傳 | E101: 丁小艾 | F101: 遠流 | G101: 64 | H101: https://webpac.tphcc.gov.tw/toread/opac/bibliographic_view/144997 | I101: https://webpac.tphcc.gov.tw/toread/opac/bibliographic_view/ | J101: 144997 | L101: =$I$3&J101 -> https://webpac.tphcc.gov.tw/webpac/content.cfm?mid=144997
B102: 149 | C102: 9789863490494 | D102: 第一次自助遊京都超簡單 = | F102: 宏碩出版 : | G102: 64 | H102: https://webpac.tphcc.gov.tw/toread/opac/bibliographic_view/618751 | I102: https://webpac.tphcc.gov.tw/toread/opac/bibliographic_view/ | J102: 618751 | L102: =$I$3&J102 -> https://webpac.tphcc.gov.tw/webpac/content.cfm?mid=618751
B103: 150 | C103: 9789573319863 | D103: 哈利波特 : | E103: 羅琳(Rowling, J. K.), ,1965- | F103: 皇冠, | G103: 64 | H103: https://webpac.tphcc.gov.tw/toread/opac/bibliographic_view/721503 | I103: https://webpac.tphcc.gov.tw/toread/opac/bibliographic_view/ | J103: 721503 | L103: =$I$3&J103 -> https://webpac.tphcc.gov.tw/webpac/content.cfm?mid=721503

Sheet 工作表3
A1: 9789862411629 | B1: [中學生]晨讀10分鐘 : | C1: 王文華(兒童文學), ,1966- | D1: 天下雜誌股份有限公司, | E1: 461 | F1: https://webpac.tphcc.gov.tw/webpac/content.cfm?mid=567531
A2: 9789863111245 | B2: 妖孽敗家子 / | C2: 辰機唐紅豆 | D2: 說頻文化有限公司, | E2: 400 | F2: https://webpac.tphcc.gov.tw/webpac/content.cfm?mid=786476
A3: 9789571368863 | B3: 厭世動物園 : | C3: 厭世姬 | D3: 時報, | E3: 246 | F3: https://webpac.tphcc.gov.tw/webpac/content.cfm?mid=728989
A4: 9789864134601 | B4: 害怕!害怕!好害怕!真恐怖! | C4: 李勇浩 (文.圖) | D4: 人類文化 | E4: 244 | F4: https://webpac.tphcc.gov.tw/webpac/content.cfm?mid=414939
A5: 9789866749643 | B5: 歷史數學名題賞析 | C5: 沈康身 | D5: 稻田 | E5: 227 | F5: https://webpac.tphcc.gov.tw/webpac/content.cfm?mid=503286
A6: 9789576085215 | B6: 看見自己.看清世界. | C6: 蘇蔡彩秋, ,1933- | D6: 愛智圖書有限公司, | E6: 186 | F6: https://webpac.tphcc.gov.tw/webpac/content.cfm?mid=982390
A7: 9789868781764 | B7: 日日 / | C7: 王筱玲 | D7: 大鴻藝術出版 : | E7: 176 | F7: https://webpac.tphcc.gov.tw/webpac/content.cfm?mid=663008
A8: 9789571356778 | B8: 日月當空 / | C8: 黃易, ,1952-2017 | D8: 時報, | E8: 167 | F8: https://webpac.tphcc.gov.tw/webpac/content.cfm?mid=576428
A9: 986005763X | B9: 總是臨危受命的人 | C9: 徐永生 | D9: 臺北市政府消防局 | E9: 158 | F9: https://webpac.tphcc.gov.tw/webpac/content.cfm?mid=344466
A10: 9789573207047 | B10: 吳梅村詩選 / | C10: 劉逸生, ,1917-2001 | D10: 遠流, | E10: 152 | F10: https://webpac.tphcc.gov.tw/webpac/content.cfm?mid=767694
A11: 9867950542 | B11: 北海岸風景特定區 | C11: 簡麗華 | D11: 泛亞國際文化 | E11: 151 | F11: https://webpac.tphcc.gov.tw/webpac/content.cfm?mid=283590
A12: 9789866634949 | B12: 城市裡, 有時候 = | C12: 61Chi, ,1988- | D12: 大辣出版股份有限公司, | E12: 146 | F12: https://webpac.tphcc.gov.tw/webpac/content.cfm?mid=836469
... A28: 9789869440394 | B28: 但我想活 : | C28: 黃博煒 | D28: 蔚藍, | E28: 89 | F28: https://webpac.tphcc.gov.tw/webpac/content.cfm?mid=753394
B29: 中山先生政治思想闡微 / | C29: 江浩華 | D29: 中央文物供應社經銷, | E29: 86 | F29: https://webpac.tphcc.gov.tw/webpac/content.cfm?mid=733434
A30: 9789571337371 | B30: 大唐雙龍傳修訂版 / | C30: 黃易, ,1952-2017 | D30: 時報, | E30: 85 | F30: https://webpac.tphcc.gov.tw/webpac/content.cfm?mid=696719
A31: 9789861301846 | B31: 無條件信任的力量 | C31: 吳敏琪 | D31: 知遠總經銷 | E31: 82 | F31: https://webpac.tphcc.gov.tw/webpac/content.cfm?mid=459722
A32: 9789573326540 | B32: 不毛地帶 / | C32: 山崎豐子, ,1924-2013 | D32: 皇冠, | E32: 82 | F32: https://webpac.tphcc.gov.tw/webpac/content.cfm?mid=527778
A33: 9789863491385 | B33: 北海道玩全指南 : | C33: 吳秀雲 | D33: 宏碩出版 : | E33: 81 | F33: https://webpac.tphcc.gov.tw/webpac/content.cfm?mid=716702
A34: 9575836561 | B34: 心靈雞湯 / | C34: 坎菲爾(Canfield, Jack) | D34: 晨星出版社, | E34: 81 | F34: https://webpac.tphcc.gov.tw/webpac/content.cfm?mid=797994
A35: 9789571345994 | B35: 邊荒傳說 | C35: 黃易 | D35: 時報 | E35: 80 | F35: https://webpac.tphcc.gov.tw/webpac/content.cfm?mid=479925
A36: 9789863490678 | B36: 東京鐵道日歸小旅行 / | C36: 鄭鈞晏 | D36: 宏碩出版 : | E36: 80 | F36: https://webpac.tphcc.gov.tw/webpac/content.cfm?mid=647794
A37: 9789865066185 | B37: 縹緲. | C37: 白姬綰 | D37: 英屬維京群島商高寶國際有限公司台灣分公司, | E37: 79 | F37: https://webpac.tphcc.gov.tw/webpac/content.cfm?mid=1076549
A38: 9789863491163 | B38: 大阪.京都.神戶關西三都 一日乘車券完全攻略 / | C38: 陳維玉 | D38: 宏碩出版 : | E38: 78 | F38: https://webpac.tphcc.gov.tw/webpac/content.cfm?mid=717757
A39: 9789861794501 | B39: 一個人住第幾年? / | C39: 洪俞君 | D39: 大田, | E39: 77 | F39: https://webpac.tphcc.gov.tw/webpac/content.cfm?mid=687169
A40: 9789573328209 | B40: 週末 | C40: Schlink,, Bernhard | D40: 皇冠 | E40: 76 | F40: https://webpac.tphcc.gov.tw/webpac/content.cfm?mid=462239
A41: 9789863192183 | B41: 制服至上. | C41: 蚩尤, ,1982- | D41: 蓋亞, | E41: 76 | F41: https://webpac.tphcc.gov.tw/webpac/content.cfm?mid=731690
... A83: 9789869501828 | B83: 0~5歲味覺平衡訓練法 : | C83: Tokeiji千繪 | D83: 采實, | E83: 66 | F83: https://webpac.tphcc.gov.tw/webpac/content.cfm?mid=733130
A84: 9789863490913 | B84: 京阪神玩全指南 = | D84: 宏碩發行, | E84: 66 | F84: https://webpac.tphcc.gov.tw/webpac/content.cfm?mid=740326
A85: 9789863597742 | B85: 邊緣印度 : | C85: 程敏淑 | D85: 木馬文化事業股份有限公司, | E85: 66 | F85: https://webpac.tphcc.gov.tw/webpac/content.cfm?mid=889116
A86: 9789861856292 | B86: 保持沉默 / | C86: 喬伊 | D86: 英屬蓋曼群島商高寶國際有限公司台灣分公司, | E86: 66 | F86: https://webpac.tphcc.gov.tw/webpac/content.cfm?mid=940219
A87: 9789867039705 | B87: 水彩畫家私傳筆記 | C87: MacKenzie,, Gordon | D87: 城邦發行 | E87: 65 | F87: https://webpac.tphcc.gov.tw/webpac/content.cfm?mid=385899
A88: 9789861208534 | B88: 管家 | C88: Robinson,, Marilynne | D88: 家庭傳媒城邦分公司發行 | E88: 65 | F88: https://webpac.tphcc.gov.tw/webpac/content.cfm?mid=461609
A89: 9789866249518 | B89: 母親的守密者 | C89: Rosnay,, Tatiana de | D89: 大和書報總經銷 | E89: 65 | F89: https://webpac.tphcc.gov.tw/webpac/content.cfm?mid=461783
A90: 9789861207575 | B90: 發條橘子 | C90: Burgess,, Anthony | D90: 家庭傳媒城邦分公司發行 | E90: 65 | F90: https://webpac.tphcc.gov.tw/webpac/content.cfm?mid=463143
A91: 9789573328117 | B91: 翻牌人 | C91: Sachar,, Louis | D91: 皇冠 | E91: 65 | F91: https://webpac.tphcc.gov.tw/webpac/content.cfm?mid=463562
A92: 9789861735931 | B92: 動物農莊 / | C92: 布萊爾(Blair, Eric Arthur), ,1903-1950 | D92: 家庭傳媒城邦分公司發行, | E92: 65 | F92: https://webpac.tphcc.gov.tw/webpac/content.cfm?mid=503731
A93: 9789863491248 | B93: 東京玩全指南 = | C93: Manning Tokyo | D93: 宏碩, | E93: 65 | F93: https://webpac.tphcc.gov.tw/webpac/content.cfm?mid=740328
A94: 9789869563109 | B94: 緣來,我愛你 : | C94: 紫嚴導師 | D94: 創意市集, | E94: 65 | F94: https://webpac.tphcc.gov.tw/webpac/content.cfm?mid=749171
A95: 9789573328230 | B95: 不能說的名字 / | C95: 克里夫(Cleave, Chris), ,1973- | D95: 皇冠文化出版有限公司, | E95: 65 | F95: https://webpac.tphcc.gov.tw/webpac/content.cfm?mid=792714
A96: 9789578472822 | B96: 打造燃燒系體質的控醣 x 增肌常備菜 : | C96: 陳聖怡 | D96: 邦聯文化事業有限公司 睿其書房, | E96: 65 | F96: https://webpac.tphcc.gov.tw/webpac/content.cfm?mid=857949
... A98: 9573220253 | B98: 德川家康全傳 | C98: 丁小艾 | D98: 遠流 | E98: 64 | F98: https://webpac.tphcc.gov.tw/webpac/content.cfm?mid=144997
A99: 9789863490494 | B99: 第一次自助遊京都超簡單 = | D99: 宏碩出版 : | E99: 64 | F99: https://webpac.tphcc.gov.tw/webpac/content.cfm?mid=618751
A100: 9789573319863 | B100: 哈利波特 : | C100: 羅琳(Rowling, J. K.), ,1965- | D100: 皇冠, | E100: 64 | F100: https://webpac.tphcc.gov.tw/webpac/content.cfm?mid=721503

Sheet 11211紙本書借閱排行榜
A1: 新北市立圖書館112年11月份熱門借閱排行榜
A2: 統計期間112年11月1日~112年11月30日
A3: 排行名次 | B3: ISBN | C3: 書名 | D3: 作者 | E3: 出版社 | F3: 借閱次數 | G3: 類別(圖書、電子書)
A4: 1 | B4: 9789862411629 | C4: =HYPERLINK(工作表3!F1,工作表3!B1) -> [中學生]晨讀10分鐘 : | D4: 王文華(兒童文學), ,1966- | E4: 天下雜誌股份有限公司, | F4: 461 | G4: 紙本書
A5: 2 | B5: 9789863111245 | C5: =HYPERLINK(工作表3!F2,工作表3!B2) -> 妖孽敗家子 / | D5: 辰機唐紅豆 | E5: 說頻文化有限公司, | F5: 400 | G5: 紙本書
A6: 3 | B6: 9789571368863 | C6: =HYPERLINK(工作表3!F3,工作表3!B3) -> 厭世動物園 : | D6: 厭世姬 | E6: 時報, | F6: 246 | G6: 紙本書
A7: 4 | B7: 9789864134601 | C7: =HYPERLINK(工作表3!F4,工作表3!B4) -> 害怕!害怕!好害怕!真恐怖! | D7: 李勇浩 (文.圖) | E7: 人類文化 | F7: 244 | G7: 紙本書
A8: 5 | B8: 9789866749643 | C8: =HYPERLINK(工作表3!F5,工作表3!B5) -> 歷史數學名題賞析 | D8: 沈康身 | E8: 稻田 | F8: 227 | G8: 紙本書
A9: 6 | B9: 9789576085215 | C9: =HYPERLINK(工作表3!F6,工作表3!B6) -> 看見自己.看清世界. | D9: 蘇蔡彩秋, ,1933- | E9: 愛智圖書有限公司, | F9: 186 | G9: 紙本書
A10: 7 | B10: 9789868781764 | C10: =HYPERLINK(工作表3!F7,工作表3!B7) -> 日日 / | D10: 王筱玲 | E10: 大鴻藝術出版 : | F10: 176 | G10: 紙本書
A11: 8 | B11: 9789571356778 | C11: =HYPERLINK(工作表3!F8,工作表3!B8) -> 日月當空 / | D11: 黃易, ,1952-2017 | E11: 時報, | F11: 167 | G11: 紙本書
A12: 9 | B12: 986005763X | C12: =HYPERLINK(工作表3!F9,工作表3!B9) -> 總是臨危受命的人 | D12: 徐永生 | E12: 臺北市政府消防局 | F12: 158 | G12: 紙本書
A13: 10 | B13: 9789573207047 | C13: =HYPERLINK(工作表3!F10,工作表3!B10) -> 吳梅村詩選 / | D13: 劉逸生, ,1917-2001 | E13: 遠流, | F13: 152 | G13: 紙本書
A14: 11 | B14: 9867950542 | C14: =HYPERLINK(工作表3!F11,工作表3!B11) -> 北海岸風景特定區 | D14: 簡麗華 | E14: 泛亞國際文化 | F14: 151 | G14: 紙本書
A15: 12 | B15: 9789866634949 | C15: =HYPERLINK(工作表3!F12,工作表3!B12) -> 城市裡, 有時候 = | D15: 61Chi, ,1988- | E15: 大辣出版股份有限公司, | F15: 146 | G15: 紙本書
... A31: 28 | B31: 9789869440394 | C31: =HYPERLINK(工作表3!F28,工作表3!B28) -> 但我想活 : | D31: 黃博煒 | E31: 蔚藍, | F31: 89 | G31: 紙本書
A32: 29 | C32: =HYPERLINK(工作表3!F29,工作表3!B29) -> 中山先生政治思想闡微 / | D32: 江浩華 | E32: 中央文物供應社經銷, | F32: 86 | G32: 紙本書
A33: 30 | B33: 9789571337371 | C33: =HYPERLINK(工作表3!F30,工作表3!B30) -> 大唐雙龍傳修訂版 / | D33: 黃易, ,1952-2017 | E33: 時報, | F33: 85 | G33: 紙本書
A34: 31 | B34: 9789861301846 | C34: =HYPERLINK(工作表3!F31,工作表3!B31) -> 無條件信任的力量 | D34: 吳敏琪 | E34: 知遠總經銷 | F34: 82 | G34: 紙本書
A35: 32 | B35: 9789573326540 | C35: =HYPERLINK(工作表3!F32,工作表3!B32) -> 不毛地帶 / | D35: 山崎豐子, ,1924-2013 | E35: 皇冠, | F35: 82 | G35: 紙本書
A36: 33 | B36: 9789863491385 | C36: =HYPERLINK(工作表3!F33,工作表3!B33) -> 北海道玩全指南 : | D36: 吳秀雲 | E36: 宏碩出版 : | F36: 81 | G36: 紙本書
A37: 34 | B37: 9575836561 | C37: =HYPERLINK(工作表3!F34,工作表3!B34) -> 心靈雞湯 / | D37: 坎菲爾(Canfield, Jack) | E37: 晨星出版社, | F37: 81 | G37: 紙本書
A38: 35 | B38: 9789571345994 | C38: =HYPERLINK(工作表3!F35,工作表3!B35) -> 邊荒傳說 | D38: 黃易 | E38: 時報 | F38: 80 | G38: 紙本書
A39: 36 | B39: 9789863490678 | C39: =HYPERLINK(工作表3!F36,工作表3!B36) -> 東京鐵道日歸小旅行 / | D39: 鄭鈞晏 | E39: 宏碩出版 : | F39: 80 | G39: 紙本書
A40: 37 | B40: 9789865066185 | C40: =HYPERLINK(工作表3!F37,工作表3!B37) -> 縹緲. | D40: 白姬綰 | E40: 英屬維京群島商高寶國際有限公司台灣分公司, | F40: 79 | G40: 紙本書
A41: 38 | B41: 9789863491163 | C41: =HYPERLINK(工作表3!F38,工作表3!B38) -> 大阪.京都.神戶關西三都 一日乘車券完全攻略 / | D41: 陳維玉 | E41: 宏碩出版 : | F41: 78 | G41: 紙本書
A42: 39 | B42: 9789861794501 | C42: =HYPERLINK(工作表3!F39,工作表3!B39) -> 一個人住第幾年? / | D42: 洪俞君 | E42: 大田, | F42: 77 | G42: 紙本書
A43: 40 | B43: 9789573328209 | C43: =HYPERLINK(工作表3!F40,工作表3!B40) -> 週末 | D43: Schlink,, Bernhard | E43: 皇冠 | F43: 76 | G43: 紙本書
A44: 41 | B44: 9789863192183 | C44: =HYPERLINK(工作表3!F41,工作表3!B41) -> 制服至上. | D44: 蚩尤, ,1982- | E44: 蓋亞, | F44: 76 | G44: 紙本書
... A86: 83 | B86: 9789869501828 | C86: =HYPERLINK(工作表3!F83,工作表3!B83) -> 0~5歲味覺平衡訓練法 : | D86: Tokeiji千繪 | E86: 采實, | F86: 66 | G86: 紙本書
A87: 84 | B87: 9789863490913 | C87: =HYPERLINK(工作表3!F84,工作表3!B84) -> 京阪神玩全指南 = | E87: 宏碩發行, | F87: 66 | G87: 紙本書
A88: 85 | B88: 9789863597742 | C88: =HYPERLINK(工作表3!F85,工作表3!B85) -> 邊緣印度 : | D88: 程敏淑 | E88: 木馬文化事業股份有限公司, | F88: 66 | G88: 紙本書
A89: 86 | B89: 9789861856292 | C89: =HYPERLINK(工作表3!F86,工作表3!B86) -> 保持沉默 / | D89: 喬伊 | E89: 英屬蓋曼群島商高寶國際有限公司台灣分公司, | F89: 66 | G89: 紙本書
A90: 87 | B90: 9789867039705 | C90: =HYPERLINK(工作表3!F87,工作表3!B87) -> 水彩畫家私傳筆記 | D90: MacKenzie,, Gordon | E90: 城邦發行 | F90: 65 | G90: 紙本書
A91: 88 | B91: 9789861208534 | C91: =HYPERLINK(工作表3!F88,工作表3!B88) -> 管家 | D91: Robinson,, Marilynne | E91: 家庭傳媒城邦分公司發行 | F91: 65 | G91: 紙本書
A92: 89 | B92: 9789866249518 | C92: =HYPERLINK(工作表3!F89,工作表3!B89) -> 母親的守密者 | D92: Rosnay,, Tatiana de | E92: 大和書報總經銷 | F92: 65 | G92: 紙本書
A93: 90 | B93: 9789861207575 | C93: =HYPERLINK(工作表3!F90,工作表3!B90) -> 發條橘子 | D93: Burgess,, Anthony | E93: 家庭傳媒城邦分公司發行 | F93: 65 | G93: 紙本書
A94: 91 | B94: 9789573328117 | C94: =HYPERLINK(工作表3!F91,工作表3!B91) -> 翻牌人 | D94: Sachar,, Louis | E94: 皇冠 | F94: 65 | G94: 紙本書
A95: 92 | B95: 9789861735931 | C95: =HYPERLINK(工作表3!F92,工作表3!B92) -> 動物農莊 / | D95: 布萊爾(Blair, Eric Arthur), ,1903-1950 | E95: 家庭傳媒城邦分公司發行, | F95: 65 | G95: 紙本書
A96: 93 | B96: 9789863491248 | C96: =HYPERLINK(工作表3!F93,工作表3!B93) -> 東京玩全指南 = | D96: Manning Tokyo | E96: 宏碩, | F96: 65 | G96: 紙本書
A97: 94 | B97: 9789869563109 | C97: =HYPERLINK(工作表3!F94,工作表3!B94) -> 緣來,我愛你 : | D97: 紫嚴導師 | E97: 創意市集, | F97: 65 | G97: 紙本書
A98: 95 | B98: 9789573328230 | C98: =HYPERLINK(工作表3!F95,工作表3!B95) -> 不能說的名字 / | D98: 克里夫(Cleave, Chris), ,1973- | E98: 皇冠文化出版有限公司, | F98: 65 | G98: 紙本書
A99: 96 | B99: 9789578472822 | C99: =HYPERLINK(工作表3!F96,工作表3!B96) -> 打造燃燒系體質的控醣 x 增肌常備菜 : | D99: 陳聖怡 | E99: 邦聯文化事業有限公司 睿其書房, | F99: 65 | G99: 紙本書
... A101: 98 | B101: 9573220253 | C101: =HYPERLINK(工作表3!F98,工作表3!B98) -> 德川家康全傳 | D101: 丁小艾 | E101: 遠流 | F101: 64 | G101: 紙本書
A102: 99 | B102: 9789863490494 | C102: =HYPERLINK(工作表3!F99,工作表3!B99) -> 第一次自助遊京都超簡單 = | E102: 宏碩出版 : | F102: 64 | G102: 紙本書
A103: 100 | B103: 9789573319863 | C103: =HYPERLINK(工作表3!F100,工作表3!B100) -> 哈利波特 : | D103: 羅琳(Rowling, J. K.), ,1965- | E103: 皇冠, | F103: 64 | G103: 紙本書
A104: 資料來源:新北市立圖書館

Sheet 11211電子書借閱排行榜
A1: 新北市立圖書館112年11月份熱門借閱排行榜
A2: 統計期間112年11月1日~112年11月30日
A3: 排行名次 | B3: ISBN | C3: 書名 | D3: 作者 | E3: 出版社 | F3: 借閱次數 | G3: 類別(圖書、電子書)
A4: 1 | B4: 978-986-134-444-7 ; 986-134-444-6 ; 978-986-134-445-4 ; 986-134-445-4 | C4: 我可能錯了:森林智者的最後一堂人生課 | D4: 比約恩.納提科.林德布勞(Björn Natthiko Lindeblad), 卡洛琳.班克勒(Caroline Bankler), 納維德.莫迪里(Navid Modiri)著;郭騰堅譯;托馬斯．桑切斯（Tomás Sánchez）繪 | E4: 先覺 | F4: 316 | G4: 電子書
A5: 2 | B5: 978-986-7778-57-4 ; 986-7778-57-X | C5: 窮查理的普通常識:巴菲特50年智慧合夥人查理.蒙格的人生哲學 | D5: 查理.蒙格(Charles T. Munger)著;李彔, 李繼宏編譯 | E5: 城邦文化, 商業周刊 | F5: 156 | G5: 電子書
A6: 3 | B6: 9789865079895 | C6: 我們為什麼要讀書？為什麼要工作？【自我探索版】 - 為了得到幸福，希望你能好好思考這些事 | D6: 監修／池上彰 | E6: 采實文化事業股份有限公司 | F6: 111 | G6: 電子書
A7: 4 | B7: 978-986-942-264-2 ; 986-94226-4-0 | C7: 投資最重要的事:一本股神巴菲特讀了兩遍的書 | D7: 霍華.馬克斯(Howard Marks)著;蘇鵬元譯 | E7: 商業周刊 | F7: 111 | G7: 電子書
A8: 5 | B8: 9786267329962 | C8: 善待自己的一年 | D8: 布莉姬．勞瑞 | E8: 大好書屋 | F8: 107 | G8: 電子書
A9: 6 | B9: 978-986-175-460-4 ; 986-175-460-1 | C9: 刻意練習:原創者全面解析, 比天賦更關鍵的學習法 | D9: 安德斯.艾瑞克森(Anders Ericsson), 羅伯特.普爾(Robert Pool)著;陳繪茹譯 | E9: 方智 | F9: 100 | G9: 電子書
A10: 7 | B10: 978-986-213-719-2 ; 986-213-719-3 | C10: 為了活下去:脫北女孩朴研美 | D10: 朴研美(Yeonmi Park)著;謝佩妏譯 | E10: 大塊文化出版 大和書報圖書總經銷 | F10: 99 | G10: 電子書
A11: 8 | B11: 978-626-7085-65-3 ; 626-7085-65-1 ; 978-626-7085-61-5 ; 626-7085-61-9 | C11: 薩提爾的52個冥想練習:覺察內在的冰山，跟自己和解，與他人共好 | D11: 約翰.貝曼(John Banmen) 著 | E11: 橡實文化 | F11: 98 | G11: 電子書
A12: 9 | B12: 978-957-741-642-1 ; 957-741-642-X ; 978-957-741-197-6 ; 957-741-197-5 | C12: 門徒 | D12: 泰絲.格里森著;尤傳莉譯 | E12: 春天出版 | F12: 94 | G12: 電子書
A13: 10 | B13: 978-986-342-580-9 ; 986-342-580-X ; 978-986-342-294-5 ; 986-342-294-0 | C13: 柳林風聲:年度暢銷書《蛤蟆先生去看心理師》故事原型，英國百年經典文學之作 | D13: 肯尼斯.葛拉罕(Kenneth Grahame) 著; 郭漁 改寫 | E13: 三采文化 | F13: 94 | G13: 電子書
A14: 11 | B14: 978-986-137-239-6 ; 986-137-239-3 | C14: 好好說話:粉絲破千萬!最強說話團隊教你新鮮有趣的話術精進技巧 | D14: 馬薇薇等作 | E14: 究竟 | F14: 88 | G14: 電子書
A15: 12 | B15: 978-986-479-417-1 ; 986-479-417-5 | C15: 金錢心理學:打破你對金錢的迷思, 學會聰明花費 | D15: 丹.艾瑞利(Dan Ariely), 傑夫.克萊斯勒(Jeff Kreisler)著;李芳齡譯 | E15: 遠見天下文化出版 大和書報圖書總經銷 | F15: 88 | G15: 電子書
A16: 13 | B16: 978-986-136-526-8 ; 986-136-526-5 | C16: 英文單字語源圖鑑:看圖秒懂, 最高效的單字記憶法! | D16: 清水建二, すずきひろし著;本間昭文繪;張佳雯譯 | E16: 如何 | F16: 84 | G16: 電子書
A17: 14 | B17: 978-986-342-645-5 ; 986-342-645-8 ; 978-957-658-979-9 ; 957-658-979-7 | C17: 餘生是你 晚點沒關係 | D17: 黃山料 著 | E17: 三采文化股份有限公司 | F17: 84 | G17: 電子書
A18: 15 | B18: 9786263491069 | C18: 1天1行小日記，寫出超強行動力（1書+1行動日記） | D18: 伊藤羊一 | E18: 采實文化事業股份有限公司 | F18: 80 | G18: 電子書
A19: 16 | B19: 978-986-88700-9-3 ; 986-88700-9-7 | C19: 烏鴉女孩 | D19: 耶里克.艾克索.頌德(Erik Axl Sund)著;謝儀霏譯 | E19: 小異出版 大塊文化發行 | F19: 80 | G19: 電子書
A20: 17 | B20: 9789573295624 | C20: 卡片盒筆記：最高效思考筆記術，德國教授超強秘技，促進寫作、學習與思考，使你洞見源源不斷，成為專家 | D20: 申克‧艾倫斯 Sonke Ahrens | E20: 遠流出版事業股份有限公司 | F20: 76 | G20: 電子書
A21: 18 | B21: 978-986-0741-64-3 ; 986-0741-64-6 ; 978-986-0741-68-1 ; 986-0741-68-9 ; 978-986-0741-67-4 ; 986-0741-67-0 | C21: 行為投資金律:現賺4%行為差距紅利, 打敗90%資產管理專家的行為獲利法則 | D21: 丹尼爾.克羅斯比(Daniel Crosby)作;李祐寧譯 | E21: 大牌出版 遠足文化發行 | F21: 75 | G21: 電子書
A22: 19 | B22: 978-957-503-365-1 ; 957-503-365-5 ; 978-957-503-355-2 ; 957-503-355-8 | C22: 神奇柑仔店. 1, 帶來幸福的錢天堂 | D22: 廣嶋玲子文;jyajya圖;王蘊潔譯 | E22: 親子天下股份有限公司 | F22: 74 | G22: 電子書
A23: 20 | B23: 978-957-503-571-6 ; 957-503-571-2 ; 978-957-503-588-4 ; 957-503-588-7 | C23: 達克比辦案. 8, 驚魂奧運會:物競天擇與適應 | D23: 胡妙芬文;柯智元圖 | E23: 親子天下出版 大和圖書總經銷 | F23: 73 | G23: 電子書
A24: 21 | B24: 978-957-13-6886-3 ; 957-13-6886-5 | C24: 厭世動物園:#各種眼神死ㄉ動物故事 | D24: 厭世姬圖文 | E24: 時報文化 | F24: 72 | G24: 電子書
A25: 22 | B25: 9789865071356 | C25: 我45歲學存股，股利年領200萬 | D25: 謝士英 | E25: 采實文化事業股份有限公司 | F25: 70 | G25: 電子書
A26: 23 | B26: 978-986-479-110-1 ; 986-479-110-9 | C26: 貝佐斯傳:從電商之王到物聯網中樞, 亞馬遜成功的關鍵 | D26: 布萊德.史東(Brad Stone)著;廖月娟譯 | E26: 遠見天下文化出版 大和書報圖書總經銷 | F26: 69 | G26: 電子書
A27: 24 | B27: 9789864792900 | C27: 你要如何衡量你的人生?:哈佛商學院最重要的一堂課 | D27: 克里斯汀生(Clayton M. Christensen), 歐沃斯(James Allworth), 狄倫(Karen Dillon)著;廖月娟譯 | E27: 遠見天下文化出版 大和書報圖書總經銷 | F27: 67 | G27: 電子書
A28: 25 | B28: 978-986-06460-6-1 ; 986-06460-6-6 ; 978-986-06460-5-4 ; 986-06460-5-8 ; 978-626-95014-3-4 ; 626-95014-3-1 | C28: 華爾街幽靈的禮物:頂尖交易員敗中求勝的三個祕密 | D28: 亞瑟.李.辛普森(Arthur L. Simpson)著;張嘉文譯 | E28: 一起來出版 遠足文化發行 | F28: 67 | G28: 電子書
A29: 26 | B29: 978-986-175-708-7 ; 986-175-708-2 ; 978-986-175-704-9 ; 986-175-704-X | C29: 活出覺醒:歐普拉的床頭靈修書, 帶你超越生命困境 | D29: 麥克.辛格(Michael A. Singer)作;張毓如譯 | E29: 方智出版社股份有限公司 | F29: 66 | G29: 電子書
A30: 27 | B30: 978-626-7173-44-2 ; 626-7173-44-5 ; 978-626-7173-33-6 ; 626-7173-33-X | C30: 徹底解決溝通問題的說話公式圖鑑:史上最完整!以認知科學拆解出80套說話模式, 商談、說服、簡報、指導, 再困難都能輕鬆搞定! | D30: 犬塚壯志著;長野美里繪;駱香雅譯 | E30: 方言文化 | F30: 64 | G30: 電子書
A31: 28 | B31: 978-626-305-051-8 ; 626-305-051-9 ; 978-626-305-048-8 ; 626-305-048-9 | C31: 達克比辦案. 10, 鬼屋美人魚:人類構造的演化與返祖現象 | D31: 胡妙芬文;柯智元圖 | E31: 親子天下出版 大和圖書總經銷 | F31: 63 | G31: 電子書
A32: 29 | B32: 978-986-133-620-6 ; 986-133-620-6 | C32: 生理時鐘決定一切!:找到你的作息型態, 健康、工作、人際, 所有難題迎刃而解 | D32: 麥可.布勞斯(Michael Breus)作;謝忍翾譯 | E32: 圓神出版社 | F32: 61 | G32: 電子書
A33: 30 | B33: 978-986-248-862-1 ; 986-248-862-X | C33: 看美劇, 說出一口好英文:一天30分鐘+高效筆記術 訓練用英文思考的大腦, 從聽說讀寫提昇英語實力! | D33: 出口武賴著;林農凱譯 | E33: 日月文化出版股份有限公司出版 聯合發行股份有限公司總經銷 | F33: 61 | G33: 電子書
A34: 31 | B34: 978-626-305-373-1 ; 626-305-373-9 ; 978-626-305-359-5 ; 626-305-359-3 | C34: 達克比辦案. 12, 雨林縱火犯:生物多樣性與熱帶雨林生態系 | D34: 胡妙芬文;柯智元圖;彭永成達克比形象原創 | E34: 親子天下股份有限公司出版 大和圖書有限公司總經銷 | F34: 61 | G34: 電子書
A35: 32 | B35: 978-986-479-150-7 ; 986-479-150-8 | C35: 5個選擇:不被瑣事纏身, 每天都有高效生產力 | D35: 寇岡(Kory Kogon), 梅瑞爾(Adam Merrill), 林恩(Leena Rinne)著;沈維君, 廖建容譯 | E35: 遠見天下文化出版 大和書報圖書總經銷 | F35: 60 | G35: 電子書
A36: 33 | B36: 978-957-32-8075-0 ; 957-32-8075-2 | C36: 東方快車謀殺案 | D36: 阿嘉莎.克莉絲蒂(Agatha Christie)作;陳堯光譯 | E36: 遠流 | F36: 59 | G36: 電子書
A37: 34 | B37: 978-986-95067-2-4 ; 986-95067-2-0 | C37: 神明所教的60甲子籤詩解籤訣竅 | D37: 王崇禮著 | E37: 柿子文化 | F37: 59 | G37: 電子書
A38: 35 | B38: 978-986-94483-2-1 ; 986-94483-2-1 | C38: 除身體的濕:趕走脾胃病、皮膚病、慢性病、三高病 | D38: 路志正作 | E38: 奇点出版 遠足文化發行 | F38: 59 | G38: 電子書
A39: 36 | B39: 978-626-355-015-5 ; 626-355-015-5 ; 978-626-355-012-4 ; 626-355-012-0 ; 978-626-355-011-7 ; 626-355-011-2 | C39: 踏實感的練習:走出過度努力的耗損, 打造持久的成功 | D39: 布萊德.史托伯格(Brad Stulberg)著;龐元媛譯 | E39: 天下文化 | F39: 59 | G39: 電子書
... A45: 42 | B45: 978-986-136-550-3 ; 986-136-550-8 | C45: 英文單字語源圖鑑. 2, 圖解拆字, 輕鬆學、快樂記! | D45: 清水建二, すずきひろし著;本間昭文繪;張佳雯譯 | E45: 如何 | F45: 56 | G45: 電子書
A46: 43 | B46: 9786263612877 | C46: 深度思考的技術：最受歡迎的百萬思考課，養成不被時代淘汰的5大思考力 | D46: 楊大輝 | E46: 遠流出版事業股份有限公司 | F46: 56 | G46: 電子書
A47: 44 | B47: 978-986-479-212-2 ; 986-479-212-1 | C47: 鋼鐵人馬斯克:從特斯拉到太空探索, 大夢想家如何創造驚奇的未來 | D47: 艾胥黎.范思(Ashlee Vance)著;陳麗玉譯 | E47: 遠見天下文化出版 大和書報圖書總經銷 | F47: 54 | G47: 電子書
A48: 45 | B48: 978-957-741-639-1 ; 957-741-639-X ; 978-957-741-629-2 ; 957-741-629-2 | C48: 神明值日生執勤中 | D48: 青山美智子著;邱香凝譯 | E48: 春天出版 | F48: 52 | G48: 電子書
A49: 46 | B49: 9789573299325 | C49: 通膨時代，我選擇穩定致富：輕鬆跑贏通膨、躺著也賺的指數化投資，讓你的錢錢不縮水！ | D49: 理財館長（陳震奇）、狂徒 | E49: 遠流出版事業股份有限公司 | F49: 51 | G49: 電子書
A50: 47 | B50: 978-986-479-189-7 ; 986-479-189-3 | C50: 心態致勝:全新成功心理學 | D50: 卡蘿.杜維克(Carol S. Dweck)著;李芳齡譯 | E50: 遠見天下文化出版 大和書報圖書總經銷 | F50: 50 | G50: 電子書
A51: 48 | B51: 978-957-9054-29-4 ; 957-9054-29-0 | C51: 多賺20%的無痛存股術:只要做對3件事, 股息領用一輩子 | D51: 今周刊編輯群著 | E51: 今周刊出版 大和書報總經銷 | F51: 50 | G51: 電子書
A52: 49 | B52: 978-986-134-303-7 ; 986-134-303-2 | C52: 有錢人才知道的「精準閒聊」 | D52: 田口智隆作;蔡昭儀譯 | E52: 先覺 | F52: 50 | G52: 電子書
A53: 50 | B53: 978-986-489-712-4 ; 986-489-712-8 ; 978-986-489-704-9 ; 986-489-704-7 | C53: 強風吹拂 | D53: 三浦紫苑(三浦しをん)作;林佩瑾, 楊正敏, 李建銓譯 | E53: 漫遊者文化事業股份有限公司 | F53: 50 | G53: 電子書
A54: 51 | B54: 978-986-134-311-2 ; 986-134-311-3 | C54: 史丹佛大學心理學講義, 人生順利的簡單法則 | D54: 凱莉.麥高尼格(Kelly McGonigal)著;高宜汝譯 | E54: 先覺 | F54: 49 | G54: 電子書
A55: 52 | B55: 978-626-353-159-8 ; 626-353-159-2 ; 978-626-353-158-1 ; 626-353-158-4 ; 978-626-353-118-5 ; 626-353-118-5 | C55: 推力：每個人都可以影響別人、改善決策，做人生的選擇設計師【終極增訂版】 | D55: 理查.塞勒（Richard H. Thaler）, 凱斯.桑思坦（Cass R. Sunstein） 著; 張美惠 譯者 | E55: 時報出版 | F55: 49 | G55: 電子書
A56: 53 | B56: 978-957-741-633-9 ; 957-741-633-0 ; 978-957-741-539-4 ; 957-741-539-3 | C56: 滿月貓咪咖啡店 | D56: 望月麻衣著;邱香凝譯;櫻田千尋插畫 | E56: 春天出版 | F56: 49 | G56: 電子書
A57: 54 | B57: 9789869452809 | C57: 你的善良必須有點鋒芒 - 36則讓你有態度、不委曲，深諳世故卻不世故的世道智慧 | D57: 慕顏歌 | E57: 采實文化事業股份有限公司 | F57: 48 | G57: 電子書
A58: 55 | B58: 978-986-96447-3-0 ; 986-96447-3-2 | C58: 股票作手回憶錄:超越時代的投資傳奇 無可取代的作手操盤聖經 | D58: 埃德溫.勒菲弗(Edwin Lefèvre)著;李奧森譯 | E58: 大牌出版 遠足文化發行 | F58: 48 | G58: 電子書
A59: 56 | B59: 978-986-06727-0-1 ; 986-06727-0-9 ; 978-986-98996-9-7 ; 986-98996-9-2 | C59: 原子時間:奇蹟的晚間4小時, 改變人生、收入翻倍, 社畜獸醫的時間管理實證 | D59: 柳韓彬(Ryu Hanbin)作;張亞薇譯 | E59: 寫樂文化有限公司 | F59: 48 | G59: 電子書
A60: 57 | B60: 978-626-7085-64-6 ; 626-7085-64-3 ; 978-626-7085-62-2 ; 626-7085-62-7 | C60: 陪每天的自己聊聊:英國生命線個人情緒覺察手冊 | D60: 凱蒂.可倫波斯(Katie Colombus) 著; 謝明憲 譯者 | E60: 橡實文化 | F60: 48 | G60: 電子書
A61: 58 | B61: 978-986-136-564-0 ; 986-136-564-8 | C61: 發現你的天職:三大步驟, 讓你選系、就業、轉職或創業不再迷惘 | D61: 八木仁平作;許郁文譯 | E61: 如何 | F61: 48 | G61: 電子書
A62: 59 | B62: 978-626-305-200-0 ; 626-305-200-7 ; 978-626-305-197-3 ; 626-305-197-3 | C62: 達克比辦案. 11,荒漠救命蛙:沙漠生態系與動物的適應 | D62: 胡妙芬文;柯智元圖 | E62: 親子天下股份有限公司出版 大和圖書有限公司總經銷 | F62: 48 | G62: 電子書
A63: 60 | B63: 978-986-134-369-3 ; 986-134-369-5 | C63: 謝謝你的指教:哈佛溝通專家教你轉化負面意見, 成就更好的自己 | D63: 道格拉斯.史東(Douglas Stone), 席拉.西恩(Sheila Heen)作;朱崇旻譯 | E63: 先覺 | F63: 48 | G63: 電子書
A64: 61 | B64: 978-986-93442-0-3 ; 986-93442-0-8 ; 978-986-95575-2-8 ; 986-95575-2-X | C64: 簡樸生活的實踐:從丟東西開始的豐富人生 | D64: 法蘭辛.潔伊(Francine Jay)著;陳正芬譯 | E64: 如果出版 大雁出版基地發行 | F64: 48 | G64: 電子書
A65: 62 | B65: 9786263491489 | C65: 讓你自帶好運的奇蹟習慣 | D65: 米奇．霍羅威茨（Mitch Horowitz） | E65: 采實文化事業股份有限公司 | F65: 48 | G65: 電子書
A66: 63 | B66: 978-986-525-978-5 ; 986-525-978-8 ; 978-986-525-979-2 ; 986-525-979-6 ; 978-986-525-981-5 ; 986-525-981-8 | C66: 只工作、不上班的自主人生:人氣podcast製作人瓦基打造夢幻工作的14個行動計畫 | D66: 瓦基(莊勝翔)著 | E66: 遠見天下文化出版股份有限公司出版 大和書報圖書股份有限公司總經銷 | F66: 47 | G66: 電子書
A67: 64 | B67: 978-986-134-446-1 ; 986-134-446-2 ; 978-986-134-447-8 ; 986-134-447-0 | C67: 我在計程車上看到的財富風景:往上翻身與向下墜落的關鍵瞬間【電子書收錄畢德歐夫祝福書籤】 | D67: 畢德歐夫著 | E67: 先覺 | F67: 47 | G67: 電子書
A68: 65 | B68: 978-626-7054-88-8 ; 626-7054-88-8 ; 978-626-7054-85-7 ; 626-7054-85-3 | C68: 神明便利商店. 1 | D68: 謝東霖作 | E68: 鏡文學股份有限公司出版 大和書報圖書股份有限公司總經銷 | F68: 47 | G68: 電子書
A69: 66 | B69: 978-957-503-215-9 ; 957-503-215-2 ; 978-986-398-010-0 ; 986-398-010-2 | C69: 達克比辦案. 3, 放屁者聯盟:動物世界的射擊高手 | D69: 胡妙芬文;彭永成圖 | E69: 天下雜誌出版 大和圖書總經銷 | F69: 47 | G69: 電子書
A70: 67 | B70: 978-957-503-463-4 ; 957-503-463-5 ; 978-957-503-453-5 ; 957-503-453-8 | C70: 達克比辦案. 7, 末日恐龍王:地球的五次生物大滅絕 | D70: 胡妙芬文;彭永成圖 | E70: 親子天下出版 大和圖書總經銷 | F70: 47 | G70: 電子書
A71: 68 | B71: 978-986-489-723-0 ; 986-489-723-3 ; 978-986-489-718-6 ; 986-489-718-7 ; 978-986-489-719-3 ; 986-489-719-5 | C71: 林肯公路 | D71: 亞莫爾.托歐斯(Amor Towles)作;李靜宜譯 | E71: 漫遊者文化事業股份有限公司 | F71: 46 | G71: 電子書
A72: 69 | B72: 978-957-503-212-8 ; 957-503-212-8 ; 978-986-241-831-4 ; 986-241-831-1 | C72: 達克比辦案. 2, 壞蛋的祕密:另類的動物育兒行為 | D72: 胡妙芬文;彭永成圖 | E72: 天下雜誌出版 大和圖書總經銷 | F72: 46 | G72: 電子書
A73: 70 | B73: 978-986-175-469-7 ; 986-175-469-5 | C73: 鏡子練習:21天創造生命的奇蹟 | D73: 露易絲.賀(Louise L. Hay)著;張國儀譯 | E73: 方智出版社 | F73: 46 | G73: 電子書
A74: 71 | B74: 978-626-7164-71-6 ; 626-7164-71-3 ; 978-626-7164-72-3 ; 626-7164-72-1 ; 978-626-7164-47-1 ; 626-7164-47-0 | C74: 10秒英聽高效訓練 [有聲書]:60天大幅提升你的英語聽力 | D74: 小西麻亜耶(Maaya Konishi)著;林農凱譯 | E74: 日月文化出版股份有限公司 | F74: 45 | G74: 電子書
A75: 72 | B75: 978-626-96826-5-2 ; 626-96826-5-7 ; 978-626-96826-3-8 ; 626-96826-3-0 | C75: 肌肉骨骼解剖速查手冊:一頁一圖一肌群!快速掌握人體7大部位x100個肌肉知識, 從健身運動到疼痛修復都能派上用場的實用指南 | D75: 上原健志著;謝孟蓁譯 | E75: 蘋果屋 | F75: 45 | G75: 電子書
A76: 73 | B76: 978-957-13-6881-8 ; 957-13-6881-4 | C76: 每天寫點負能量 | D76: 鍵人(林育聖), 丹硯作 | E76: 時報文化 | F76: 45 | G76: 電子書
A77: 74 | B77: 978-626-96409-5-9 ; 626-96409-5-4 ; 978-626-96409-1-1 ; 626-96409-1-1 | C77: 跟讀學文法[有聲書]:用母語人士的方法學英文, 不用想、直接說, 就是正確的文法!(附音檔) | D77: 外文列車著;朱家鈺插畫 | E77: 語研學院 | F77: 45 | G77: 電子書
... A103: 100 | B103: 978-986-489-364-5 ; 986-489-364-5 | C103: 莫斯科紳士 | D103: 亞莫爾.托歐斯(Amor Towles)作;李靜宜譯 | E103: 漫遊者文化出版 大雁文化發行 | F103: 40 | G103: 電子書
A104: 資料來源：新北市立圖書館
